 Dungeon Crawl Stone Soup version 0.29.0-4-gdea44cf6ec (webtiles) character file.

Game seed: 17023136191582292645

218 qw the Chopper (level 5, 0/30 HPs)
             Began as a Tengu Warper on Aug 28, 2022.
             Succumbed to Crazy Yiuf's poison
             ... on level 2 of the Dungeon.
             The game lasted 00:00:24 (3972 turns).

qw the Chopper (Tengu Warper)                       Turns: 3972, Time: 00:00:24

Health: 0/30       AC:  5    Str: 13    XL:     5   Next: 95%
Magic:  1/9        EV: 13    Int: 14    God:
Gold:   133        SH:  0    Dex: 13    Spells: 8/8 levels left

rFire   . . .      SeeInvis .   Y - +0 hand axe
rCold   + . .      Faith    .   (no shield)
rNeg    . . .      Spirit   +   h - +0 ring mail
rPois   .          Reflect  .   (helmet restricted)
rElec   .          Harm     .   (no cloak)
rCorr   +          Rampage  .   (no gloves)
Will    .....                   (boots unavailable)
Stlth   +.........              j - amulet of guardian spirit
HPRegen 0.10/turn               e - ring of resist corrosion
MPRegen 0.11/turn               g - ring of protection from cold

@: lethally poisoned (0 -> -2), flying quickly and evasively, quick
A: beak, talons 3, nimble flight
a: no special abilities


You were on level 2 of the Dungeon.
You visited 1 branch of the dungeon, and saw 4 of its levels.

You collected 133 gold pieces.


Innate Abilities, Weirdness & Mutations

You have a beak for a mouth.
You have claws for feet.
Your magical nature lets you fly swiftly and evasively.


   Skills:
 - Level 2.0 Fighting
 + Level 6.6 Axes
 - Level 1.0 Throwing
 - Level 1.1 Armour
 - Level 2.1 Dodging
 - Level 2.0 Spellcasting
 - Level 2.4 Translocations


You had 8 spell levels left.
You didn't know any spells.
Your spell library contained the following spells:

 Spells                   Type           Power      Damage    Failure   Level
 Blink                    Tloc           16%        N/A       28%         2
 Gell's Gravitas          Tloc           8%         N/A       50%         3
 Lesser Beckoning         Tloc           8%         N/A       50%         3
 Teleport Other           Tloc           8%         N/A       50%         3
 Manifold Assault         Tloc           8%         N/A       99%         5

Inventory:

Hand Weapons
 c - a +1 hammer of holy wrath
 Y - a +0 hand axe (weapon)
Armour
 h - a +0 ring mail (worn)
Jewellery
 e - a ring of resist corrosion (left hand)
 g - a ring of protection from cold (right hand)
 j - an amulet of guardian spirit (around neck)
Scrolls
 d - a scroll of identify
Potions
 a - a potion of degeneration {unknown}
 b - a potion of resistance {unknown}
 f - a potion of attraction {unknown}

Dungeon Overview and Level Annotations

Branches:
Dungeon (4/15)
 Temple: D:4-7

Altars:


Message History

b - a ruby potion You see here a hobgoblin corpse.
You see here a +0 mace.
Crazy Yiuf shouts!
Could not explore, unopened runed door.
Could not explore, unopened runed door.
3963 ||| Stepping randomly (stuck).
You reach down and open the door.
You hit Crazy Yiuf. You claw Crazy Yiuf.
Crazy Yiuf is moderately wounded.
Crazy Yiuf hits you with a +2 quarterstaff of chaos!
You are poisoned.
You hit Crazy Yiuf. You claw Crazy Yiuf.
Crazy Yiuf is heavily wounded.
You feel very sick.
Crazy Yiuf hits you with a +2 quarterstaff of chaos.
You hit Crazy Yiuf but do no damage.
Crazy Yiuf is heavily wounded.
You feel very sick.
Crazy Yiuf whimpers, "Lay!"
Crazy Yiuf closely misses you.
You hit Crazy Yiuf but do no damage. You peck Crazy Yiuf, but do no damage.
Crazy Yiuf is heavily wounded.
You feel sick.
Crazy Yiuf zaps a wand.
The puff of flame hits you.
You hit Crazy Yiuf.
Crazy Yiuf is severely wounded.
You feel sick. Crazy Yiuf barely misses you.
You barely miss Crazy Yiuf. Your kick misses Crazy Yiuf.
Crazy Yiuf is severely wounded.
You feel sick. Crazy Yiuf misses you.
You completely miss Crazy Yiuf. You claw Crazy Yiuf. You peck Crazy Yiuf.
Crazy Yiuf is almost dead.
You feel sick.
Crazy Yiuf grits, "Announcement!
Prologue turtle meccalolo."
Crazy Yiuf misses you.
You hit Crazy Yiuf. You claw Crazy Yiuf, but do no damage.
Crazy Yiuf is almost dead.
You feel sick.
Crazy Yiuf zaps a wand.
The puff of flame hits you!
You slash Crazy Yiuf!
You kill Crazy Yiuf!
You die... #.#........#####..#### ..#.....#..# #....# .##........# 7.PPP7 ###........# 77..)7 #.>........# 77.77 .).........# 77)7 ......#....# 7.77 ......#...## 77.7 ...#......## 7@77

...........#
#)#
.#.#.#.....#
).)
..........##
#)..#
.....#....##
#)..#
#.......#..#
#####
####.####.##
#......#
#.####.#


There were no monsters in sight!

Vanquished Creatures
  Crazy Yiuf (D:2)
  An iguana (D:4)
  An orc wizard (D:4)
  Robin (D:2)
  7 adders
  2 worms (D:2)
  3 dart slugs
  6 orcs
  3 bats
  5 endoplasms
  A giant cockroach (D:4)
  12 hobgoblins
  7 jackals
  3 quokkas (D:2)
  3 ball pythons
  3 frilled lizards (D:2)
  12 goblins
  A kobold (D:3)
72 creatures vanquished.

Notes
Turn   | Place    | Note
-------+----------+-------------------------------------------
     0 | D:1      | qw the Tengu Warper began the quest for the Orb.
     0 | D:1      | Reached XP level 1. HP: 12/12 MP: 4/4
     0 | D:1      | 0 ||| qw: Version: 0.1-a-89-g26bdef1
     0 | D:1      | 0 ||| qw: Game counter: 1135
     0 | D:1      | 0 ||| qw: Always use a shield: true
     0 | D:1      | 0 ||| qw: God list: Okawaru
     0 | D:1      | 0 ||| qw: Allow faded altars: false
     0 | D:1      | 0 ||| qw: Do Orc after D:15 true
     0 | D:1      | 0 ||| qw: Do second Lair branch before Depths: true
     0 | D:1      | 0 ||| qw: Lair rune preference: random
     0 | D:1      | 0 ||| qw: Plans: Normal
     0 | D:1      | 0 ||| PLANNING D:1-11
    15 | D:1      | Found a faded altar of an unknown god.
   369 | D:1      | 369 ||| Stepping ~*~*~tactically~*~*~ (hiding).
   471 | D:1      | 471 ||| Stepping ~*~*~tactically~*~*~ (hiding).
   480 | D:1      | Reached skill level 3 in Axes
   480 | D:1      | Reached XP level 2. HP: 17/17 MP: 6/6
   980 | D:1      | 980 ||| Stepping ~*~*~tactically~*~*~ (stealth).
   981 | D:1      | 981 ||| Stepping ~*~*~tactically~*~*~ (stealth).
  1117 | D:1      | 1117 ||| DROPPING +0 club.
  1118 | D:1      | 1118 ||| UPGRADING to amulet of guardian spirit.
  1123 | D:1      | 1123 ||| UPGRADING to ring of resist corrosion.
  1124 | D:1      | 1124 ||| READING scroll labelled OMPERUCYHA.
  1127 | D:1      | 1127 ||| READING scroll labelled VUJUNN DOGGE.
  1128 | D:1      | 1128 ||| READING scroll labelled WUFAEL HI EPONG.
  1129 | D:1      | 1129 ||| READING scroll labelled TUPHE JITSI.
  1130 | D:1      | 1130 ||| READING scroll labelled JEWASO NITSYBB.
  1131 | D:1      | 1131 ||| DRINKING 2 emerald potions.
  1132 | D:1      | 1132 ||| DROPPING scroll of blinking.
  1144 | D:2      | 1144 ||| STAIRDANCE
  1193 | D:2      | 1193 ||| STAIRDANCE
  1271 | D:2      | 1271 ||| Stepping ~*~*~tactically~*~*~ (stealth).
  1278 | D:2      | Reached XP level 3. HP: 15/21 MP: 5/7
  1278 | D:2      | 1278 ||| FLEEEEING.
  1279 | D:2      | 1279 ||| FLEEEEING.
  1280 | D:2      | 1280 ||| FLEEEEING.
  1281 | D:2      | 1281 ||| FLEEEEING.
  1282 | D:2      | 1282 ||| FLEEEEING.
  1283 | D:2      | 1283 ||| FLEEEEING.
  1284 | D:2      | 1284 ||| FLEEEEING.
  1285 | D:2      | 1285 ||| FLEEEEING.
  1286 | D:2      | 1286 ||| FLEEEEING.
  1287 | D:2      | 1287 ||| FLEEEEING.
  1288 | D:2      | 1288 ||| FLEEEEING.
  1289 | D:2      | 1289 ||| STAIRDANCE
  1415 | D:1      | 1415 ||| READING scroll labelled NYNIOPT SOEF.
  1478 | D:2      | Reached skill level 4 in Axes
  1648 | D:2      | 1648 ||| Stepping ~*~*~tactically~*~*~ (stealth).
  1662 | D:2      | HP: 5/21 [poisoned by an adder]
  1677 | D:2      | 1677 ||| Stepping ~*~*~tactically~*~*~ (stealth).
  1680 | D:2      | 1680 ||| Stepping ~*~*~tactically~*~*~ (stealth).
  1971 | D:2      | Reached XP level 4. HP: 17/26 MP: 4/8
  2094 | D:2      | HP: 6/26 [poisoned by an adder]
  2390 | D:2      | 2390 ||| Stepping ~*~*~tactically~*~*~ (stealth).
  2392 | D:2      | 2392 ||| Stepping ~*~*~tactically~*~*~ (stealth).
  2409 | D:2      | Reached skill level 5 in Axes
  2422 | D:2      | 2422 ||| FLEEEEING.
  2423 | D:2      | 2423 ||| FLEEEEING.
  2424 | D:2      | 2424 ||| FLEEEEING.
  2425 | D:2      | 2425 ||| FLEEEEING.
  2426 | D:2      | 2426 ||| FLEEEEING.
  2427 | D:2      | 2427 ||| FLEEEEING.
  2428 | D:2      | 2428 ||| FLEEEEING.
  2429 | D:2      | 2429 ||| FLEEEEING.
  2430 | D:2      | 2430 ||| FLEEEEING.
  2431 | D:2      | 2431 ||| FLEEEEING.
  2432 | D:2      | 2432 ||| FLEEEEING.
  2433 | D:2      | 2433 ||| FLEEEEING.
  2434 | D:2      | 2434 ||| FLEEEEING.
  2435 | D:2      | 2435 ||| FLEEEEING.
  2436 | D:2      | 2436 ||| FLEEEEING.
  2437 | D:2      | 2437 ||| FLEEEEING.
  2438 | D:2      | 2438 ||| FLEEEEING.
  2439 | D:2      | 2439 ||| FLEEEEING.
  2440 | D:2      | 2440 ||| FLEEEEING.
  2441 | D:2      | 2441 ||| FLEEEEING.
  2442 | D:2      | 2442 ||| FLEEEEING.
  2443 | D:2      | 2443 ||| FLEEEEING.
  2444 | D:2      | 2444 ||| FLEEEEING.
  2445 | D:2      | 2445 ||| FLEEEEING.
  2446 | D:2      | 2446 ||| FLEEEEING.
  2447 | D:2      | 2447 ||| STAIRDANCE
  2510 | D:1      | 2510 ||| READING scroll labelled NEZUREDESA.
  2511 | D:1      | 2511 ||| READING 2 scrolls of identify.
  2511 | D:1      | 2511 ||| IDENTIFYING bubbling emerald potion
  2512 | D:1      | 2512 ||| DROPPING potion of flight.
  2518 | D:2      | 2518 ||| STAIRDANCE
  2621 | D:2      | 2621 ||| Stepping ~*~*~tactically~*~*~ (stealth).
  2632 | D:2      | 2632 ||| Stepping ~*~*~tactically~*~*~ (stealth).
  2634 | D:2      | 2634 ||| Stepping ~*~*~tactically~*~*~ (stealth).
  2635 | D:2      | 2635 ||| Stepping ~*~*~tactically~*~*~ (stealth).
  2636 | D:2      | 2636 ||| Stepping ~*~*~tactically~*~*~ (stealth).
  2644 | D:2      | Found a runed translucent door.
  2646 | D:2      | 2646 ||| DROPPING +0 mace.
  2647 | D:2      | Noticed Crazy Yiuf
  2761 | D:2      | Noticed Robin
  2771 | D:2      | Killed Robin
  2772 | D:2      | Gained mutation: Your magical nature lets you fly swiftly
                  | and evasively. [Tengu growth]
  2772 | D:2      | Reached XP level 5. HP: 27/30 MP: 7/9
  2836 | D:2      | You are sucked into a shaft and drop 2 floors!
  2837 | D:4      | 2837 ||| PLANNING OSSUARY
  2852 | D:4      | 2852 ||| Stepping ~*~*~tactically~*~*~ (stealth).
  2857 | D:4      | 2857 ||| DRINKING potion of curing.
  2857 | D:4      | 2857 ||| (to cure confusion)
  2861 | D:4      | Reached skill level 6 in Axes
  3191 | D:4      | HP: 5/30 [iguana (8)]
  3500 | D:4      | 3500 ||| FLEEEEING.
  3501 | D:4      | 3501 ||| FLEEEEING.
  3502 | D:4      | 3502 ||| FLEEEEING.
  3503 | D:4      | 3503 ||| FLEEEEING.
  3511 | D:4      | 3511 ||| FLEEEEING.
  3512 | D:4      | 3512 ||| FLEEEEING.
  3513 | D:4      | 3513 ||| FLEEEEING.
  3514 | D:4      | 3514 ||| FLEEEEING.
  3515 | D:4      | 3515 ||| FLEEEEING.
  3521 | D:4      | 3521 ||| STAIRDANCE
  3613 | D:3      | 3613 ||| UPGRADING to +0 ring mail.
  3623 | D:3      | 3623 ||| DROPPING +0 leather armour.
  3624 | D:3      | 3624 ||| UPGRADING to ring of protection from cold.
  3626 | D:4      | 3626 ||| RIP OSSUARY
  3627 | D:4      | 3627 ||| PLANNING D:1-11
  3628 | D:4      | 3628 ||| STAIRDANCE
  3963 | D:2      | 3963 ||| Stepping randomly (stuck).
  3969 | D:2      | HP: 7/30 [poisoned by Crazy Yiuf]
  3971 | D:2      | HP: 1/30 [Crazy Yiuf/puff of flame (3)]
  3972 | D:2      | Killed Crazy Yiuf
  3972 | D:2      | Succumbed to Crazy Yiuf's poison

Levels and vault maps discovered:
D:1:      dpeg_arrival_line_fractal, layout_basic,
          dreamdust_ecumenical_altar_statues
D:2:      minmay_evil_eye, layout_basic, uniq_robin, uniq_crazy_yiuf_cottage
D:3:      layout_loops_ring, nicolae_ru_path_of_blood
D:4:      minmay_wonky_spiral, layout_basic, mainiacjoe_overflow_cross_hatched,
          mainiacjoe_overflow_brackets, nicolae_ossuary_entry_giza, uniq_edmund

Skill      XL: |  1  2  3  4  5 |
---------------+----------------+-----
Axes           | 3 4 5 6 |  6.6
Fighting       | |  2.0
Throwing       | |  1.0
Armour         | |  1.1
Dodging        | |  2.1
Spellcasting   | |  2.0
Translocations | |  2.4

Action                   |  1- 3 |  4- 6 || total
-------------------------+-------+-------++-------
Melee: Hand axe          |    58 |   157 ||   215
       Kick              |    15 |    45 ||    60
       Peck              |    10 |    17 ||    27
       Punch             |       |     2 ||     2
Throw: Boomerang         |     7 |       ||     7
  Use: Scroll            |     6 |     2 ||     8
       Potion            |     1 |     1 ||     2
Armor: Leather armour    |    16 |    20 ||    36
       Ring mail         |       |     4 ||     4
Dodge: Dodged            |    26 |    90 ||   116

Table legend:
 A = Non-vault XP
 B = Vault XP
 C = Vault XP percentage of total XP
 D = Non-vault monster count
 E = Vault monster count
 F = Vault count percentage of total count
                 A         B        C        D         E       F
            +---------+---------+-------+---------+---------+-------
      Total |     253 |      99 |  28.1 |      53 |      19 |  26.4
            +---------+---------+-------+---------+---------+-------
        D:1 |      27 |       0 |   0.0 |      12 |       0 |   0.0
        D:2 |     101 |      95 |  48.5 |      21 |      17 |  44.7
        D:3 |      19 |       2 |   9.5 |       8 |       1 |  11.1
        D:4 |     106 |       2 |   1.9 |      12 |       1 |   7.7
            +---------+---------+-------+---------+---------+-------
